 Dungeon Crawl Stone Soup version 0.31-a0-431-g88bdf31460 (webtiles) character file.

Game seed: 6799166355131223213

56 LeprechaunX the Ruffian (level 3, 0/24 HPs)
             Began as an Octopode Shapeshifter on July 31, 2023.
             Slain by a goblin
             ... wielding a +0 dagger
              (1 damage)
             ... on level 2 of the Dungeon.
             The game lasted 00:01:11 (1197 turns).

LeprechaunX the Ruffian (Octopode Shapeshifter)     Turns: 1197, Time: 00:01:12

Health: 0/24       AC:  1    Str: 16    XL:     3   Next: 97%
Magic:  3/3        EV: 13    Int: 10    God:
Gold:   98         SH:  0    Dex: 12    Spells: 2/2 levels left

rFire   . .          .
                       - Unarmed
rCold   + . .        (no shield)
rNeg    . . .        (helmet currently unavailable)
rPois   .            (no amulet)
rElec   .            d - ring of protection from cold
rCorr   .            (no ring)
SInv    .            (no ring)
Will    .....        (no ring)
Stlth   ++           (no ring)
HPRegen 0.24/turn    (no ring)
MPRegen 0.08/turn    (no ring)
                     (no ring)

%: no passive effects
@: lethally poisoned (0 -> -4), beast-form
A: beast (slay +2), almost no armour, amphibious, 8 rings, camouflage 1,
gelatinous body 1, (nimble swimmer 1), tentacles
a: Begin Untransformation


You were on level 2 of the Dungeon.
You were a hulking beast.
You visited 1 branch of the dungeon, and saw 2 of its levels.

You collected 98 gold pieces.

Inventory:

Missiles
 j - 5 javelins (quivered)
Jewellery
 d - a ring of protection from cold (left tentacle)
 h - a +5 ring of evasion
Talismans
 b - a beast talisman (active)
Wands
 k - a wand of digging (4)
Scrolls
 f - 2 scrolls of identify {unknown}
 g - a scroll of blinking {unknown}
 i - a scroll of teleportation {unknown}
 l - a scroll of revelation {unknown}
Potions
 a - a potion of lignification
 c - a potion of cancellation {unknown}
 e - a potion of curing {unknown}


   Skills:
 + Level 1.9 Fighting
 + Level 2.7 Dodging
 + Level 3.4 Unarmed Combat
 + Level 3.3 Shapeshifting


You had 2 spell levels left.
You didn't know any spells.
Your spell library contained the following spells:

 Spells                   Type           Power      Damage    Failure   Level
 Kiss of Death            Conj/Necr      0%         2d5       36%         1
 Confusing Touch          Hex            0%         N/A       75%         3
 Dispel Undead            Necr           0%         3d6       98%         4


Dungeon Overview and Level Annotations

Branches:
Dungeon (2/15)

Altars:

Annotations:
D:2 1 runed translucent door, Crazy Yiuf


Innate Abilities, Weirdness & Mutations

You are a hulking beast.
Your limbs bulge with bestial killing power. (Slay +2)
You cannot wear most types of armour.
You are amphibious.
You can wear up to eight rings at the same time.
Your skin changes colour to match your surroundings (Stealth+).
Your rubbery body absorbs attacks. (AC +1, EV +1)
((You are camouflaged when in or above water. (Stealth+)))
You have tentacles for arms and can constrict up to eight enemies at once.


Message History

The goblin struggles to escape constriction.
You tentacle-slap the goblin but do no damage.
The goblin is heavily wounded.
You constrict the goblin. The adder bites you. The goblin barely misses you.
The rat misses you. The adder bites you.
You tentacle-slap the goblin.
You kill the goblin!
The goblin hits you with a +0 dagger. The rat bites you. The adder bites you.
You are poisoned.
The adder poisons you!
You miss the adder. Your grab misses the adder. Your squeeze misses the adder.
You feel sick. The adder bites you. The goblin barely misses you.
The endoplasm misses you. The rat bites you.
You are too injured to fight recklessly!
You are too injured to fight recklessly!
You are too injured to fight recklessly!
You are too injured to fight recklessly!
You are too injured to fight recklessly!
You are too injured to fight recklessly!
Unknown command.
The endoplasm attacks as you move away! The endoplasm closely misses you.
You feel sick. The rat barely misses you. The goblin attacks as you move away!
The goblin hits you with a +0 dagger.
* * * LOW HITPOINT WARNING * * *
You feel sick. The adder barely misses you.
You tentacle-slap the adder. Your grab misses the adder.
You tentacle-slap the adder!
The adder is severely wounded.
You feel sick. The adder bites you.
* * * LOW HITPOINT WARNING * * *
You are lethally poisoned!
The adder poisons you!
You tentacle-slap the adder.
You kill the adder!
* * * LOW HITPOINT WARNING * * *
You feel sick.
You closely miss the goblin. Your grab misses the goblin.
* * * LOW HITPOINT WARNING * * *
You feel sick. The goblin hits you with a +0 dagger.
You die...

#. #. .. #....
## #.#. #.##
#...##.?.##
#..##r).⌠.#..
#..#gw.....#
#..h#.⌠.⌠.##
#...##.?.##.
#....##.##..
#.....##....
#.#.........
#..#†....... .
##...)......
...###
##..##...#..
.#....
###..##..#...#
......


You could see a worm, a goblin and a rat.

Vanquished Creatures
  2 adders (D:2)
  A worm (D:2)
  3 ball pythons
  2 bats (D:2)
  3 endoplasms (D:1)
  2 giant cockroaches (D:2)
  8 goblins
  3 hobgoblins
  2 jackals (D:1)
  2 kobolds
  3 rats (D:1)
31 creatures vanquished.

Notes
Turn   | Place    | Note
-------+----------+-------------------------------------------
     0 | D:1      | LeprechaunX the Octopode Shapeshifter began the quest for
                  | the Orb.
     0 | D:1      | Reached XP level 1. HP: 13/13 MP: 1/1
   239 | D:1      | Reached XP level 2. HP: 18/18 MP: 2/2
   922 | D:2      | Found a runed translucent door.
   923 | D:2      | Noticed Crazy Yiuf
   974 | D:2      | Reached XP level 3. HP: 23/23 MP: 3/3
  1196 | D:2      | HP: 1/24 [poisoned by an adder]
  1197 | D:2      | Slain by a goblin

Illustrated notes

Levels and vault maps discovered:
D:1:      minmay_arrival_split_and_join, layout_loops_cross
D:2:      cheibrodos_fertilizer, layout_rooms, hex_large,
          minmay_tree_intersection, minmay_heptomino_w4, uniq_crazy_yiuf_cottage

Action                     || total
---------------------------++-------
  Melee: Unarmed           ||    56
         Constrict         ||    18
         Tentacles         ||    10
         Punch             ||     4
   Stab: Sleeping          ||     8
 Armour: Skin              ||     1
  Dodge: Dodged            ||    32

Table legend: (Time is in decaauts)
 A = Elapsed time spent in this place.
 B = Non-inter-level travel time spent in this place.
 C = Inter-level travel time spent in this place.
 D = Time resting spent in this place.
 E = Time spent auto-exploring this place.
 F = Levels seen in this place.
 G = Mean time per level.
                   A        B        C        D        E       F      G
               +--------+--------+--------+--------+--------+-----+--------+
         Total |   1193 |   1144 |     49 |      0 |    951 |   2 |  596.5 |
       Dungeon |   1193 |   1144 |     49 |      0 |    951 |   2 |  596.5 |
               +--------+--------+--------+--------+--------+-----+--------+

Top non-repeatable levels by time:
     D:1: 867 daAuts
     D:2: 325 daAuts
